 Dungeon Crawl Stone Soup version 0.32-a0-630-g46d191b0ed (webtiles) character file.

Game seed: 15783059531591638895

1039 Alarak the Covert (level 8, -8/51 HPs)
             Began as an Octopode Brigand on Mar 6, 2024.
             Was an Initiate of Dithmenos.
             Mangled by an ice beast (9 damage)
             ... on level 5 of the Dungeon.
             The game lasted 00:11:24 (4140 turns).

Alarak the Covert (Octopode Brigand)                Turns: 4140, Time: 00:11:25

Health: -8/51      AC:  3    Str: 11    XL:     8   Next: 24%
Magic:  8/8        EV: 12    Int: 13    God:    Dithmenos [......]
Gold:   266        SH:  0    Dex: 15    Spells: 5/7 levels left

rFire   . . .        g - +2 dagger (venom)
rCold   . . .        (no shield)
rNeg    . . .        e - +2 hat {Stlth+}
rPois   .            a - amulet of the acrobat
rElec   .            j - ring of resist corrosion
rCorr   +            l - +4 ring of slaying
SInv    .            v - ring of wizardry
Will    .....        (no ring)
Stlth   +++++++      (no ring)
HPRegen 0.28/turn    (no ring)
MPRegen 0.11/turn    (no ring)
                     (no ring)

%: acrobat, wizardry (x1)
@: no status effects
A: almost no armour, amphibious, 8 rings, camouflage 1, gelatinous body 1,
(nimble swimmer 1), tentacles
a: Renounce Religion


You were on level 5 of the Dungeon.
You worshipped Dithmenos.
Dithmenos was noncommittal.
You visited 1 branch of the dungeon, and saw 6 of its levels.

You collected 266 gold pieces.

Inventory:

Hand Weapons
 g - a +2 dagger of venom (weapon)
Missiles
 b - 15 poisoned darts (quivered)
 c - 3 curare-tipped darts
Armour
 e - a +2 hat of stealth (worn)
Jewellery
 a - an amulet of the acrobat (around mantle)
 j - a ring of resist corrosion (left tentacle)
 l - a +4 ring of slaying (right tentacle)
 v - a ring of wizardry (on tentacle)
Wands
 q - a wand of roots (8)
 u - a wand of polymorph (7)
 w - a wand of mindburst (9)
Scrolls
 h - 2 scrolls of teleportation
 m - a scroll of poison
 r - a scroll of acquirement
 t - a scroll of brand weapon
 x - a scroll of revelation {unknown}
Potions
 d - a potion of might
 f - 3 potions of curing
 i - 2 potions of ambrosia
 k - 3 potions of berserk rage {unknown}
 n - 3 potions of degeneration
 o - a potion of mutation
 p - 2 potions of heal wounds {unknown}
 s - a potion of invisibility {unknown}


   Skills:
 + Level 2.9 Fighting
 - Level 6.1 Short Blades
 - Level 2.0 Throwing
 - Level 1.0 Dodging
 - Level 11.2 Stealth


You had 5 spell levels left.
You knew the following spells:

 Your Spells              Type           Power      Damage    Failure   Level
a - Blink                 Tloc           0%         N/A       19%         2

Your spell library contained the following spells:

 Spells                   Type           Power      Damage    Failure   Level
 Summon Small Mammal      Summ           0%         N/A       12%         1
 Lesser Beckoning         Tloc           0%         N/A       19%         2
 Momentum Strike          Conj/Tloc      0%         3d8       19%         2
 Static Discharge         Conj/Air       0%         3-3/arc   19%         2
 Call Canine Familiar     Summ           0%         N/A       34%         3
 Inner Flame              Hex/Fire       0%         N/A       34%         3
 Sigil of Binding         Hex            0%         N/A       34%         3
 Airstrike                Air            0%         2d(0-16)  73%         4
 Dimensional Bullseye     Hex/Tloc       0%         N/A       73%         4
 Flame Wave               Conj/Fire      0%         2d4       73%         4
 Sticky Flame             Fire/Alch      0%         2d4       73%         4
 Summon Blazeheart Golem  Fire/Summ      0%         N/A       73%         4
 Summon Lightning Spire   Summ/Air       0%         N/A       73%         4


Dungeon Overview and Level Annotations

Branches:
Dungeon (6/15)             Temple (0/1) D:6

Altars:
Dithmenos
Fedhas
Kikubaaqudgha

Annotations:
D:4 2 transporters, Nebesus's ghost, amateur MfSh
D:6 Pikel


Innate Abilities, Weirdness & Mutations

You cannot wear most types of armour.
You are amphibious.
You can wear up to eight rings at the same time.
Your skin changes colour to match your surroundings (Stealth+).
Your rubbery body absorbs attacks. (AC +1, EV +1)
((You are camouflaged when in or above water. (Stealth+)))
You have tentacles for arms and can constrict up to eight enemies at once.


Message History

The ice beast attacks as it pursues you!
The ice beast hits you. The ice beast freezes you.
The ice beast attacks as it pursues you!
The ice beast misses you.
The ice beast attacks as it pursues you!
The ice beast misses you.
The ice beast attacks as it pursues you!
The ice beast misses you.
The ice beast attacks as it pursues you!
The ice beast hits you. The ice beast freezes you!
There is a stone staircase leading up here.
The ice beast barely misses you.
You climb upwards.
There is a stone staircase leading down here.
You hit the ice beast. You squeeze the ice beast!
The ice beast is severely wounded.
The ice beast barely misses you.
You barely miss the ice beast.
The ice beast is severely wounded.
You hit the ice beast.
The ice beast is poisoned.
The ice beast is severely wounded.
The ice beast hits you. The ice beast freezes you!
You hit the ice beast but do no damage.
The ice beast is severely wounded.
The ice beast hits you.
* * * LOW HITPOINT WARNING * * *
The ice beast freezes you.
* * * LOW HITPOINT WARNING * * *
You feel better. The ice beast hits you.
* * * LOW HITPOINT WARNING * * *
The ice beast freezes you!
* * * LOW HITPOINT WARNING * * *
You hit the ice beast but do no damage.
The ice beast is almost dead.
You closely miss the ice beast. You squeeze the ice beast.
The ice beast is almost dead.
The ice beast hits you.
* * * LOW HITPOINT WARNING * * *
The ice beast freezes you!
You die...

#......##.............#..
###....#............<....
#....##................
###......#..............
###........#..........)... #
#...............##..#....# ####
#....##.....>..###......##
...#####....#.........# #....#.##
..>#..#...#.#...@.....# #......#
.....#....._.[##.Y...####..#..##
...###....#.#..#.....##........#
.#####........###.##......#...##
..#........##.##...##...#.#..##
..............###.####.####..###
#..............##..##...# ##...#
#..............##.......# #.#.##
.###............[.......####.#..#


You could see an ice beast (very poisoned).

Vanquished Creatures
  Sigmund (D:5)
  Eustachio (D:6)
  A sky beast (D:6)
  An ice beast (D:5)
  A phantom (D:5)
  Blork the orc (D:4)
  A scorpion (D:4)
  A howler monkey (D:5)
  2 hounds
  2 orc priests (D:3)
  Ijyb (D:5)
  2 iguanas (D:5)
  3 adders
  2 ufetubi (D:5)
  3 dart slugs
  A ribbon worm (D:2)
  11 orcs
  6 bats
  7 endoplasms
  2 giant cockroaches (D:1)
  10 goblins
  5 hobgoblins
  2 jackals (D:3)
  3 kobolds
  5 quokkas
  2 ball pythons
  4 frilled lizards
  3 rats (D:2)
84 creatures vanquished.

Notes
Turn   | Place    | Note
-------+----------+-------------------------------------------
     0 | D:1      | Alarak the Octopode Brigand began the quest for the Orb.
     0 | D:1      | Reached XP level 1. HP: 14/14 MP: 1/1
   114 | D:1      | Reached skill level 6 in Stealth
   114 | D:1      | Reached XP level 2. HP: 17/19 MP: 2/2
   467 | D:1      | Reached XP level 3. HP: 24/24 MP: 3/3
   814 | D:2      | Reached skill level 7 in Stealth
   890 | D:2      | Identified a scroll of acquirement
   890 | D:2      | Acquired a +2 hat of stealth
  1160 | D:2      | Reached XP level 4. HP: 29/29 MP: 4/4
  1452 | D:3      | Reached skill level 8 in Stealth
  1582 | D:3      | You fall into a shaft and drop 2 floors!
  1582 | D:5      | Entered Level 5 of the Dungeon
  1587 | D:5      | Noticed a phantom
  1594 | D:5      | Killed a phantom
  1595 | D:5      | Reached skill level 9 in Stealth
  1595 | D:5      | Reached XP level 5. HP: 34/34 MP: 5/5
  1604 | D:5      | Learned a level 2 spell: Blink
  1660 | D:5      | HP: 1/34 [iguana (9)]
  1870 | D:3      | Found a blossoming altar of Fedhas.
  1944 | D:3      | Reached XP level 6. HP: 23/39 MP: 6/6
  2611 | D:4      | Found a shadowy altar of Dithmenos.
  2625 | D:4      | Became a worshipper of Dithmenos the Shadowed
  2651 | D:4      | Found a transporter.
  2651 | D:4      | Noticed Nebesus's ghost (amateur MfSh)
  2655 | D:4      | Found a transporter.
  2927 | D:4      | Noticed Blork the orc
  3070 | D:4      | Killed Blork the orc
  3387 | D:5      | Noticed Sigmund
  3390 | D:5      | Killed Sigmund
  3391 | D:5      | Reached skill level 5 in Short Blades
  3391 | D:5      | Reached XP level 7. HP: 45/45 MP: 7/7
  3434 | D:5      | Found an ancient bone altar of Kikubaaqudgha.
  3554 | D:5      | Noticed Ijyb
  3559 | D:5      | Killed Ijyb
  3650 | D:5      | Reached skill level 10 in Stealth
  3905 | D:6      | Noticed Eustachio
  4033 | D:6      | Killed Eustachio
  4034 | D:6      | Reached skill level 11 in Stealth
  4034 | D:6      | Reached XP level 8. HP: 50/50 MP: 8/8
  4050 | D:6      | Found a staircase to the Ecumenical Temple.
  4093 | D:6      | Noticed Pikel
  4140 | D:5      | HP: 1/51 [ice beast (3)]
  4140 | D:5      | Mangled by an ice beast

Illustrated notes

Levels and vault maps discovered:
D:1:      sevenhm_arrival_forest_fort_large_4, layout_loops_cross,
          chequers_serial_rivers_marsh
D:2:      layout_rooms, kennysheep_generic_room_2
D:3:      layout_basic, fedhas_altar_4, serial_bayou_lagoon_b
D:4:      layout_basic, nicolae_dithmenos_the_darkroom, serial_bayou,
          serial_bayou_ford_a, serial_bayou_pond_d, serial_bayou_lagoon_a,
          serial_bayou_crossing, serial_bayou_pond_c, serial_bayou_pond_a,
          gammafunk_ghost_arena, uniq_blork_the_orc
D:5:      layout_cave_pools, lemuel_crystal_altar, uniq_sigmund, uniq_ijyb
D:6:      layout_rooms, minmay_temple_entry_tees,
          minmay_fractal_squares_gapless_5, uniq_grinder, uniq_eustachio,
          uniq_pikel, uniq_menkaure

Skill      XL: |  1  2  3  4  5  6  7 |
---------------+----------------------+-----
Stealth        | 6 7 9 11 | 11.2
Short Blades   | 5 6 |  6.1
Fighting       | |  2.9
Throwing       | |  2.0
Dodging        | |  1.0

Action                     |  1- 3 |  4- 6 |  7- 9 || total
---------------------------+-------+-------+-------++-------
  Melee: Dagger            |    49 |    55 |    27 ||   131
         Constrict         |    14 |    16 |     3 ||    33
         Tentacles         |     8 |    15 |     3 ||    26
         Whip              |    10 |       |       ||    10
  Evoke: Wand              |       |     1 |       ||     1
    Use: Scroll            |     6 |    10 |       ||    16
         Potion            |       |       |     1 ||     1
   Stab: Sleeping          |    12 |    13 |     7 ||    32
         Distracted        |       |     1 |       ||     1
 Armour: Skin              |    11 |    11 |    11 ||    33
  Dodge: Dodged            |    21 |    18 |    21 ||    60

Table legend: (Time is in decaauts)
 A = Elapsed time spent in this place.
 B = Non-inter-level travel time spent in this place.
 C = Inter-level travel time spent in this place.
 D = Time resting spent in this place.
 E = Time spent auto-exploring this place.
 F = Levels seen in this place.
 G = Mean time per level.
                   A        B        C        D        E       F      G
               +--------+--------+--------+--------+--------+-----+--------+
         Total |   4119 |   3824 |    295 |    407 |   2747 |   6 |  686.5 |
       Dungeon |   4119 |   3824 |    295 |    407 |   2747 |   6 |  686.5 |
               +--------+--------+--------+--------+--------+-----+--------+

Top non-repeatable levels by time:
     D:3: 1109 daAuts
     D:4: 828 daAuts
     D:5: 808 daAuts
     D:1: 782 daAuts
     D:2: 441 daAuts
     D:6: 148 daAuts
